 Dungeon Crawl Stone Soup version 0.30-a0-748-ge6a52f7cba (webtiles) character file.

Game seed: 4450939412881269780

40952 sanka the Brawler (level 13, -3/136 HPs)
             Began as a Troll Monk on Feb 8, 2023.
             Was a High Priest of Okawaru.
             Slain by a frost giant
             ... wielding a +2 battleaxe of freezing
              (23 damage)
             ... on level 14 of the Dungeon.
             The game lasted 00:21:51 (13045 turns).

sanka the Brawler (Troll Monk)                     Turns: 13045, Time: 00:21:52

Health: -3/136     AC: 14    Str: 29    XL:     13   Next: 77%
Magic:  18/19      EV: 11    Int:  6    God:    Okawaru [*****.]
Gold:   878        SH:  0    Dex: 12    Spells: 12/12 levels left

rFire   . . .      SeeInvis .      - Unarmed
rCold   . . .      Faith    .    (no shield)
rNeg    . . .      Spirit   .    B - +0 swamp dragon scales
rPois   +          Reflect  .    F - +1 hat of Darkness {Will+ Str+3}
rElec   .          Harm     .    (no cloak)
rCorr   .          Rampage  .    (gloves unavailable)
Will    +....                    (boots unavailable)
Stlth   ++                       k - amulet of regeneration
HPRegen 2.02/turn                (no ring)
MPRegen 0.16/turn                (no ring)

@: heroic, studying Conjurations
A: large, unfitting armour, claws 3, regeneration 1, shaggy fur 1, tough skin 1
a: Renounce Religion, Heroism, Finesse, Duel


You were on level 14 of the Dungeon.
You worshipped Okawaru.
Okawaru was extremely pleased with you.
You visited 2 branches of the dungeon, and saw 15 of its levels.
You also visited: Ice Cave.

You collected 878 gold pieces.


Innate Abilities, Weirdness & Mutations

You are too large for most types of armour.
You have claws for hands.
Your natural rate of healing is unusually fast.
You are covered in fur. (AC +1)
You have tough skin. (AC +1)


   Skills:
 + Level 10.8(15.8) Fighting
 - Level 8.0(13.0) Armour
 - Level 2.4(7.4) Dodging
 - Level 1.0(6.0) Stealth
 + Level 15.5(20.5) Unarmed Combat
 + Level 9.8 Invocations


You had 12 spell levels left.
You didn't know any spells.
Your spell library contained the following spells:

 Spells                   Type           Power      Damage    Failure   Level
 Beastly Appendage        Tmut           0%         N/A       54%         1
 Necrotise                Necr           0%         1d4       54%         1
 Blink                    Tloc           0%         N/A       69%         2
 Ensorcelled Hibernation  Hex/Ice        0%         N/A       69%         2
 Lesser Beckoning         Tloc           0%         N/A       69%         2
 Momentum Strike          Conj/Tloc      0%         3d8       69%         2
 Static Discharge         Conj/Air       0%         2-2/arc   69%         2
 Wereblood                Tmut           0%         N/A       69%         2
 Ozocubu's Armour         Ice            0%         N/A       89%         3
 Spider Form              Tmut/Pois      0%         N/A       89%         3
 Vampiric Draining        Necr           0%         2d6       89%         3
 Agony                    Necr           0%         N/A       100%        5
 Arcjolt                  Conj/Air       0%         1d10      100%        5
 Metabolic Englaciation   Hex/Ice        0%         N/A       100%        5
 Silence                  Hex/Air        0%         N/A       100%        5
 Conjure Ball Lightning   Conj/Air       0%         3x3d6     100%        6
 Enfeeble                 Hex            0%         N/A       100%        7
 Summon Ice Beast         Ice/Summ       Unusable   N/A       N/A         4
 Summon Mana Viper        Hex/Summ       Unusable   N/A       N/A         5
 Simulacrum               Ice/Necr       Unusable   N/A       N/A         6
 Monstrous Menagerie      Summ           Unusable   N/A       N/A         7

Inventory:

Hand Weapons
 b - a +4 scimitar of flaming
 A - a +0 dagger of distortion
Missiles
 m - 4 throwing nets {=f}
 x - 26 large rocks {=f}
Armour
 B - +0 swamp dragon scales (worn)
 F - the +1 hat of Darkness (worn) {Will+ Str+3}

   Str:       It affects your strength (+3).
   Will:      It increases your willpower.
 H - a +2 tower shield of cold resistance
 M - +0 acid dragon scales
Jewellery
 k - an amulet of regeneration (around neck)
 n - an amulet of reflection
Wands
 C - a wand of flame (31)
 E - a wand of paralysis (8)
 G - a wand of digging (2)
 J - a wand of polymorph (2)
 P - a wand of iceblast (7)
Scrolls
 c - 3 scrolls of immolation {!r}
 f - 3 scrolls of noise {!r}
 i - 7 scrolls of teleportation {@r4}
 l - 4 scrolls of poison {!r}
 o - a scroll of brand weapon {unknown}
 p - a scroll of silence {unknown}
 q - 2 scrolls of fog
 r - 5 scrolls of magic mapping
 y - 3 scrolls of vulnerability {!r}
 z - 2 scrolls of fear
 K - a scroll of enchant armour {unknown}
 O - a scroll of blinking {unknown}
Potions
 a - 5 potions of mutation {unknown}
 d - 7 potions of heal wounds {unknown}
 e - 7 potions of brilliance {unknown}
 g - 6 potions of lignification {unknown}
 h - 6 potions of might
 j - a potion of ambrosia
 s - 3 potions of haste {unknown}
 t - 3 potions of curing {@q1}
 u - a potion of degeneration {unknown}
 v - 3 potions of attraction {unknown}
 w - 3 potions of invisibility {unknown}
 D - a potion of resistance
 I - 2 potions of magic {unknown}
 L - 2 potions of flight {unknown}

Dungeon Overview and Level Annotations

Branches:
Dungeon (14/15)            Temple (1/1) D:5            Lair (0/5) D:11
    Orc (0/2) D:10         Vaults (0/5) D:13          IceCv (visited)

Altars:
Ashenzari
Cheibriados
Dithmenos
Elyvilon
Fedhas
Gozag
Hepliaklqana
Kikubaaqudgha
Makhleb
Nemelex Xobeh
Okawaru
Qazlal
Ru
Sif Muna
Trog
Uskayaw
Vehumet
Wu Jian
Xom
Yredelemnul
Zin
The Shining One

Shops:
D:4 *   D:10 (

Annotations:
D:9 3 runed translucent doors, Athor's ghost, novice FeTm
D:10 exclusion: downstairs
D:11 exclusion: downstairs

▒....▒ ▒▒▒▒▒▒▒.▒▒▒▒▒.▒▒.
▒▒▒.▒▒.▒▒▒
▒.............▒▒.
▒....)...▒
▒.▒▒▒.....▒▒▒...>
▒.~#.....▒
▒.▒...▒▒▒...▒.▒▒▒
▒..≈#~#..▒
▒...▒▒▒.▒▒▒...▒▒▒
▒.~._##..▒
▒..▒▒.....▒▒.....
▒▒..~~#[..▒ ▒▒.▒▒....
▒▒.▒▒. ▒...#.....▒ ▒..▒...▒
▒..▒< ▒........▒▒ ▒T▒▒..▒
▒▒.▒. ▒.▒▒▒▒▒..▒ ▒CD)..▒
.▒. ▒.......▒▒▒▒▒▒▒▒.▒▒..▒
▒...
▒▒▒▒▒▒▒........▒..▒...▒
)... ▒.▒▒▒▒▒...▒.▒▒....
▒..▒. ▒.▒ ▒.......▒▒...c.
▒...▒. ▒.▒
▒....▒▒..▒▒▒.▒▒▒..▒.▒.
▒......▒.▒▒▒▒...▒▒▒...▒▒...
▒.▒▒▒▒▒▒.▒ ▒▒......▒.▒▒▒▒.


You could see a frost giant and an ice dragon.


Message History

The frost giant hits you with a +2 battleaxe of freezing!!
* * * LOW HITPOINT WARNING * * *
The frost giant freezes you.
* * * LOW HITPOINT WARNING * * *
You claw the frost giant!
The frost giant is moderately wounded.
The ice dragon breathes frost at you. The blast of cold hits you!
* * * LOW HITPOINT WARNING * * *
The frost giant completely misses you.
You eviscerate the frost giant!!!
The frost giant is severely wounded.
You completely miss the frost giant.
The frost giant is severely wounded.
The ice dragon closely misses you. The ice dragon closely misses you.
The ice dragon tramples you.
* * * LOW HITPOINT WARNING * * *
You hold your ground!
The frost giant gestures at you while chanting.
The bolt of cold misses you.
Unknown command.
You scratch the frost giant but do no damage.
The frost giant is severely wounded.
The ice dragon bites you but does no damage.
The ice dragon claws you.
* * * LOW HITPOINT WARNING * * *
The ice dragon tramples you but does no damage.
The frost giant hits you with a +2 battleaxe of freezing!!
You die...

Action                     |  1- 3 |  4- 6 |  7- 9 | 10-12 | 13-15 || total
---------------------------+-------+-------+-------+-------+-------++-------
  Melee: Unarmed           |   111 |   106 |   301 |   611 |   181 ||  1310
         Punch             |     1 |     2 |    18 |    46 |    22 ||    89
         Scimitar          |       |       |       |       |     8 ||     8
 Invoke: Heroism           |       |       |     2 |     9 |     2 ||    13
         Finesse           |       |       |       |     1 |       ||     1
    Use: Scroll            |       |       |     4 |     6 |       ||    10
         Potion            |       |       |       |     2 |       ||     2
   Stab: Sleeping          |     4 |     3 |     2 |       |       ||     9
 Armour: Robe              |    31 |    19 |    41 |       |       ||    91
         Swamp dragon scal |       |       |    17 |   246 |    96 ||   359
  Dodge: Dodged            |    53 |    49 |   122 |   241 |    90 ||   555

Levels and vault maps discovered:
D:1:      minmay_arrival_glassed_features, layout_loops_ring,
          minmay_misc_feat_cross
D:2:      minmay_alternating_diamond, layout_loops_ring
D:3:      layout_basic, mainiacjoe_overflow_six_doors_small, uniq_grinder
D:4:      layout_basic, minitemple, nicolae_zen_rock_garden, minmay_shop_mayhem,
          minmay_quantized
D:5:      layout_cave_pods, temple_green
D:6:      layout_basic, fedhas_altar_decomposition,
          mainiacjoe_overflow_24_doors, trog_book, minmay_statues_item,
          nrook_mini_vaults, kennysheep_cluttered_room, uniq_prince_ribbit1
D:7:      layout_loops_ring, uniq_maggie
D:8:      layout_basic, minmay_manual_mares
D:9:      layout_basic, gammafunk_ghost_spectres, uniq_erica, uniq_harold,
          uniq_joseph
D:10:     layout_long_grid, zin_statuary, erik_orc_3, serial_shops,
          nicolae_stop_n_shop_1
D:11:     layout_roguey, erik_lair_orcish_takeover, hangedman_glass_teeth,
          nicolae_gozag_seed_capital
D:12:     minmay_bubble_buster, layout_loops_corners,
          portal_ice_cave_entry_imps, bh_hangedman_babel_library, uniq_josephine
D:13:     layout_long_grid, david_vaults_1, chequers_serial_rivers_marsh
D:14:     layout_loops_ring, nicolae_qazlal_scattered_showers,
          minmay_checkered_concentric_circles
Temple:   nicolae_temple_ecumenical_triangle

Notes
Turn   | Place    | Note
-------+----------+-------------------------------------------
     0 | D:1      | sanka the Troll Monk began the quest for the Orb.
     0 | D:1      | Reached XP level 1. HP: 22/22 MP: 0/0
    42 | D:1      | Reached XP level 2. HP: 29/29 MP: 1/1
    79 | D:1      | Reached skill level 3 in Fighting
   708 | D:2      | Reached XP level 3. HP: 37/37 MP: 2/2
   808 | D:2      | Reached skill level 4 in Unarmed Combat
   967 | D:2      | Reached XP level 4. HP: 45/45 MP: 3/3
   995 | D:2      | Reached skill level 5 in Unarmed Combat
  1456 | D:3      | Found a stormy altar of Qazlal.
  1787 | D:3      | Reached XP level 5. HP: 53/53 MP: 4/4
  1989 | D:3      | Noticed Grinder
  1989 | D:3      | Paralysed by Grinder for 5 turns
  2000 | D:3      | HP: 5/53 [Grinder/nerve-wracking pain (14)]
  2001 | D:3      | Killed Grinder
  2002 | D:3      | Reached skill level 6 in Unarmed Combat
  2002 | D:3      | Reached XP level 6. HP: 8/61 MP: 5/5
  2265 | D:4      | Reached skill level 7 in Unarmed Combat
  2343 | D:4      | Reached XP level 7. HP: 50/67 MP: 6/6
  2537 | D:4      | Found a sacrificial altar of Ru.
  2542 | D:4      | Found a shimmering blue altar of Sif Muna.
  2543 | D:4      | Found an ancient bone altar of Kikubaaqudgha.
  2543 | D:4      | Found a snail-covered altar of Cheibriados.
  2547 | D:4      | Found an opulent altar of Gozag.
  2548 | D:4      | Found a basalt altar of Yredelemnul.
  2572 | D:4      | Found Leotz's Mayhem Merchandise.
  2725 | D:4      | Reached skill level 8 in Unarmed Combat
  2871 | D:4      | Identified the +4 mace of Searibagg {vamp, Str+2}
  3188 | D:5      | Entered Level 5 of the Dungeon
  3245 | D:5      | Reached skill level 9 in Unarmed Combat
  3360 | D:5      | Reached XP level 8. HP: 75/75 MP: 7/7
  3493 | D:5      | Reached skill level 10 in Unarmed Combat
  3814 | D:5      | Found a staircase to the Ecumenical Temple.
  3906 | Temple   | Entered the Ecumenical Temple
  3943 | Temple   | Became a worshipper of Warmaster Okawaru
  3943 | Temple   | Reached * piety under Okawaru
  3943 | Temple   | Reached ** piety under Okawaru
  4000 | D:6      | Reached skill level 1 in Invocations
  4024 | D:6      | Reached skill level 2 in Invocations
  4044 | D:6      | Reached skill level 3 in Invocations
  4115 | D:6      | Found a bloodstained altar of Trog.
  4239 | D:6      | Found a hazy altar of Hepliaklqana.
  4375 | D:6      | Reached skill level 4 in Invocations
  4448 | D:6      | Reached skill level 5 in Invocations
  4494 | D:6      | Noticed Prince Ribbit
  4506 | D:6      | Killed Prince Ribbit
  4507 | D:6      | Reached XP level 9. HP: 29/84 MP: 11/11
  4667 | D:6      | Reached skill level 4 in Fighting
  4899 | D:6      | Found a blossoming altar of Fedhas.
  5189 | D:7      | Reached *** piety under Okawaru
  5194 | D:7      | Identified +0 swamp dragon scales
  5194 | D:7      | Noticed Maggie
  5203 | D:7      | Killed Maggie
  5204 | D:7      | Reached skill level 5 in Fighting
  5204 | D:7      | Reached skill level 11 in Unarmed Combat
  5314 | D:7      | Reached skill level 1 in Armour
  5779 | D:8      | Noticed a two-headed ogre
  5785 | D:8      | Killed a two-headed ogre
  5786 | D:8      | Reached skill level 2 in Armour
  5786 | D:8      | Reached XP level 10. HP: 75/98 MP: 9/12
  5894 | D:8      | Reached skill level 6 in Fighting
  5950 | D:8      | Reached skill level 3 in Armour
  5954 | D:8      | HP: 4/98 [centaur/arrow (11)]
  5955 | D:8      | HP: 1/98 [centaur (3)]
  5968 | D:8      | Reached **** piety under Okawaru
  6850 | D:9      | Identified a +0 robe of the Archmagi
  6869 | D:9      | Reached skill level 12 in Unarmed Combat
  6938 | D:9      | Noticed Harold
  6949 | D:9      | Killed Harold
  6950 | D:9      | Reached skill level 4 in Armour
  7044 | D:9      | Reached skill level 7 in Fighting
  7358 | D:9      | Found a runed translucent gate.
  7361 | D:9      | Found a runed translucent gate.
  7374 | D:9      | Reached ***** piety under Okawaru
  7414 | D:9      | Reached skill level 5 in Armour
  7420 | D:9      | Reached XP level 11. HP: 98/109 MP: 13/13
  7420 | D:9      | Noticed Joseph
  7429 | D:9      | Killed Joseph
  7464 | D:9      | Found a runed translucent gate.
  7471 | D:9      | Noticed Athor's ghost (novice FeTm)
  7499 | D:9      | Noticed Erica
  7507 | D:9      | Killed Erica
  8075 | D:10     | Entered Level 10 of the Dungeon
  8075 | D:10     | Found Culosi's Antique Weapon Shop.
  8255 | D:10     | Found a staircase to the Orcish Mines.
  8303 | D:10     | Reached skill level 13 in Unarmed Combat
  8355 | D:10     | Found a glowing silver altar of Zin.
  8450 | D:10     | Identified the +1 hat of Darkness {Will+ Str+3} (Okawaru
                  | gifted it to you on level 10 of the Dungeon)
  8450 | D:10     | Received a gift from Okawaru
  8934 | D:11     | Reached skill level 8 in Fighting
  8978 | D:11     | Found a staircase to the Lair.
  8994 | D:11     | Reached skill level 6 in Armour
  9200 | D:12     | Reached skill level 6 in Invocations
  9298 | D:12     | Found a frozen archway.
  9330 | IceCv    | Entered an ice cave
  9386 | IceCv    | Noticed a death yak
  9387 | IceCv    | Noticed a death yak
  9401 | IceCv    | Killed a death yak
  9407 | IceCv    | Killed a death yak
  9408 | IceCv    | Reached XP level 12. HP: 69/122 MP: 13/15
  9484 | IceCv    | Noticed a death yak
  9491 | IceCv    | Killed a death yak
  9703 | IceCv    | Noticed a death yak
  9713 | IceCv    | Killed a death yak
  9717 | IceCv    | Reached skill level 7 in Armour
  9720 | IceCv    | Reached skill level 7 in Invocations
  9773 | IceCv    | Noticed a death yak
  9773 | IceCv    | Noticed a death yak
  9774 | IceCv    | Noticed a death yak
  9775 | IceCv    | Noticed a death yak
  9777 | IceCv    | Killed a death yak
  9777 | IceCv    | Received a gift from Okawaru
  9781 | IceCv    | Killed a death yak
  9782 | IceCv    | Reached skill level 9 in Fighting
  9790 | IceCv    | Killed a death yak
  9792 | IceCv    | Killed a death yak
  9793 | IceCv    | Reached skill level 14 in Unarmed Combat
  9833 | IceCv    | Noticed a frost giant
  9833 | IceCv    | Noticed a death yak
  9851 | IceCv    | Killed a frost giant
  9861 | IceCv    | Killed a death yak
 10300 | D:11     | Found an opulent altar of Gozag.
 10347 | D:11     | Received a gift from Okawaru
 10380 | D:11     | Reached skill level 8 in Invocations
 10635 | D:12     | Got Ts'ui Pên's Precepts of Forking Paths
 10653 | D:12     | Got Xeajeef's Grimoire of Dhcmrlchtdj
 10660 | D:12     | Got the Cyclopedia of Combed Thunderclap
 10734 | D:12     | Noticed Josephine
 10743 | D:12     | Killed Josephine
 10744 | D:12     | Reached skill level 8 in Armour
 10884 | D:12     | Noticed a boulder beetle
 10893 | D:12     | Killed a boulder beetle
 10894 | D:12     | Reached XP level 13. HP: 122/133 MP: 18/18
 10984 | D:12     | Identified +0 acid dragon scales
 10990 | D:12     | Identified the +1 robe of Insurance {Int+2} (Okawaru gifted
                  | it to you on level 12 of the Dungeon)
 10990 | D:12     | Received a gift from Okawaru
 11036 | D:12     | Reached skill level 10 in Fighting
 11652 | D:13     | Found a gate to the Vaults.
 11685 | D:13     | Reached skill level 9 in Invocations
 11721 | D:13     | Reached skill level 15 in Unarmed Combat
 12666 | D:14     | Found a stormy altar of Qazlal.
 13023 | D:14     | Noticed a frost giant
 13025 | D:14     | Identified the +1 robe of the Queen {Contam Harm Fly Int+3}
                  | (Okawaru gifted it to you on level 14 of the Dungeon)
 13025 | D:14     | Received a gift from Okawaru
 13045 | D:14     | Slain by a frost giant

Vanquished Creatures
  A frost giant (IceCv)
  Josephine (D:12)
  Harold (D:9)
  A hydra (D:14)
  3 centaur warriors (D:13)
  3 boulder beetles
  2 two-headed ogres
  Erica (D:9)
  9 death yaks (IceCv)
  A flayed ghost (D:14)
  A wizard (D:13)
  An orc knight (D:14)
  A necromancer (D:13)
  2 deep elf zephyrmancers
  A deep elf pyromancer (D:14)
  An ugly thing (IceCv)
  7 cyclopes
  3 manticores
  An ice statue (IceCv)
  Joseph (D:9)
  3 gargoyles
  2 kobold demonologists
  3 unseen horrors
  3 rime drakes (IceCv)
  Maggie (D:7)
  An efreet (D:13)
  7 trolls
  4 polar bears (IceCv)
  Prince Ribbit (D:6)
  Grinder (D:3)
  3 slime creatures (D:12)
  A shadow (D:12)
  A centaur simulacrum (D:14)
  21 yaks
  16 wraiths
  A vampire (D:13)
  A steam dragon (D:8)
  10 vampire mosquitoes
  4 wargs
  2 acid dragons
  A water moccasin (D:6)
  A black bear (D:6)
  An ice beast (D:6)
  6 orc warriors
  A sky beast (D:6)
  6 ogres
  7 wolves (IceCv)
  5 centaurs
  2 phantoms
  A kobold brigand (D:8)
  5 bullfrogs
  6 necrophages
  5 scorpions
  4 wights (D:8)
  4 killer bees (D:8)
  4 howler monkeys
  An electric eel (D:6)
  2 bullfrog zombies (D:6)
  5 hounds
  A jelly (D:5)
  A gnoll bouda (D:7)
  14 orc priests
  2 iguanas (D:4)
  13 orc wizards
  2 howler monkey zombies (D:6)
  18 gnolls
  8 adders
  A shadow imp (D:7)
  16 white imps
  2 ufetubi (D:5)
  2 worms (D:2)
  2 dart slugs
  57 orcs
  5 endoplasms
  6 giant cockroaches
  16 goblins
  6 hobgoblins
  18 kobolds
  2 quokkas
  12 ball pythons
  4 bats
  3 frilled lizards
  6 rats
412 creatures vanquished.

Vanquished Creatures (others)
  A bush (D:6)
  11 plants (D:6)
12 creatures vanquished.

Grand Total: 424 creatures vanquished
